 Dungeon Crawl Stone Soup version 0.25-a0-663-gace7076 (webtiles) character file.

Game seed: 9286148533508041393, levelgen mode: deterministic

291 MrTaco21 the Cudgeler (level 6, -2/37 HPs)
             Began as a Gargoyle Fighter on Mar 24, 2020.
             Killed from afar by an orc wizard (7 damage)
             ... with a magic dart
             ... on level 4 of the Dungeon.
             The game lasted 00:03:58 (2772 turns).

MrTaco21 the Cudgeler (Gargoyle Fighter)            Turns: 2772, Time: 00:03:59

Health: -2/37      AC: 14    Str: 21    XL:     6   Next: 32%
Magic:  6/6        EV:  7    Int:  9    God:
Gold:   68         SH:  9    Dex:  9    Spells: 5/5 levels left

rFire    . . .     SeeInvis +   a - +0 flail
rCold    . . .     Gourm    .   c - +0 kite shield
rNeg     + . .     Faith    .   b - +0 scale mail
rPois    ∞         Spirit   .   (no helmet)
rElec    +         Reflect  .   (no cloak)
rCorr    .         Harm     .   (no gloves)
MR       .....                  l - +2 pair of boots
Stlth    ..........             (no amulet)
HPRegen  0.12/turn              z - ring of see invisible
MPRegen  0.10/turn              (no ring)

@: slowed, very slow
A: negative energy resistance 1, electricity resistance, unbreathing,
petrification resistance, rot immunity, AC +4
a: no special abilities


You were on level 4 of the Dungeon.
You were hungry.

You visited 1 branch of the dungeon, and saw 4 of its levels.

You collected 68 gold pieces.

Inventory:

Hand Weapons
 a - a +0 flail (weapon)
Missiles
 m - 13 poisoned darts (quivered)
Armour
 b - a +0 scale mail (worn)
 c - a +0 kite shield (worn)
 l - a +2 pair of boots (worn)
   (You found it on level 1 of the Dungeon)
 p - a +0 chain mail
   (You took it off an orc on level 3 of the Dungeon)
Jewellery
 z - a ring of see invisible (left hand)
   (You found it on level 2 of the Dungeon)
Scrolls
 g - 4 scrolls of remove curse {unknown}
 i - 3 scrolls of identify {unknown}
 k - a scroll of random uselessness {unknown}
 r - a scroll of teleportation {unknown}
Potions
 d - 2 potions of might
 f - a potion of invisibility {unknown}
 h - 3 potions of curing {unknown}
 j - a potion of berserk rage {unknown}
 o - a potion of resistance {unknown}
 q - a potion of ambrosia {unknown}
Comestibles
 e - 4 rations {!d}


   Skills:
 - Level 3.2 Fighting
 + Level 6.5 Maces & Flails
 - Level 3.2 Armour
 - Level 3.2 Shields


You had 5 spell levels left.
You didn't know any spells.
Your spell library was empty.

Dungeon Overview and Level Annotations

Branches:
Dungeon (4/15)
 Temple: D:4-7

Altars:
Nemelex Xobeh


Innate Abilities, Weirdness & Mutations

You are resistant to torment.
Your stone body is resilient. (AC +4)
You are immune to poison.
You resist negative energy. (rN+)
You are resistant to electric shocks. (rElec)
You can survive without breathing.
You are immune to petrification.
You are immune to rotting.


Message History

The orc wizard casts a spell.
The orc wizard blinks!
You miss the adder. The adder closely misses you. You block the adder's attack.
You thump the adder! You block the adder's attack.
You sock the adder!
You kill the adder!
The orc throws a boomerang.
The boomerang hits you but does no damage.
The weapon returns to the orc!
You block the orc's attack.
You see here an adder corpse.
You barely miss the orc. You block the orc's attack.
You hit the orc.
You hit the orc wizard but do no damage.
You block the orc wizard's attack. The orc wizard closely misses you.
You hit the orc wizard but do no damage.
You block the orc wizard's attack.
The orc wizard casts a spell.
The orc wizard blinks!
You block the orc's attack.
A leopard gecko comes into view.
You closely miss the orc.
The leopard gecko hisses angrily.
You closely miss the orc wizard.
The orc wizard gestures at you while chanting.
The magic dart hits you but does no damage.
The orc wizard casts a spell at you. The magic dart hits you.
* * * LOW HITPOINT WARNING * * *
You sock the orc!
You kill the orc!
You block the orc wizard's attack.
You hit the orc wizard.
The orc wizard hits you with a +0 dagger.
* * * LOW HITPOINT WARNING * * *
The orc wizard completely misses you.
Unknown command.
You closely miss the orc wizard. You block the orc wizard's attack.
The orc wizard casts a spell at you.
You feel yourself slow down.
You closely miss the orc wizard.
The orc wizard points at you and mumbles some strange words.
The magic dart hits you!
* * * LOW HITPOINT WARNING * * *
The orc wizard hits you but does no damage.
You closely miss the orc wizard. You block the orc wizard's attack.
The leopard gecko bites you but does no damage.
The orc wizard casts a spell at you. The magic dart hits you!
You die...

≈≈≈≈.P.
≈≈≈≈...
≈≈≈≈≈..
≈≈≈≈≈..
≈≈≈≈≈..##
♣P.?.# #.##
#lo# ##@# #†#
#######
#.####.>...#
#....#.....#
####.#.....#
#.......#
##......#####
##............
#..#.....#####


You could see an orc wizard and a leopard gecko.

Vanquished Creatures
  An orc priest (D:4)
  2 orc wizards
  11 adders
  An ooze (D:4)
  2 worms
  2 dart slugs
  2 leopard geckos
  10 orcs
  4 giant cockroaches
  4 goblins
  6 hobgoblins
  12 jackals
  3 quokkas
  7 ball pythons (D:2)
  3 bats
  4 frilled lizards (D:1)
  12 kobolds
  7 rats
93 creatures vanquished.

Notes
Turn   | Place    | Note
-------+----------+-------------------------------------------
     0 | D:1      | MrTaco21 the Gargoyle Fighter began the quest for the Orb.
     0 | D:1      | Reached XP level 1. HP: 14/14 MP: 1/1
    57 | D:1      | Reached XP level 2. HP: 16/19 MP: 2/2
   123 | D:1      | Reached skill level 3 in Maces & Flails
   228 | D:1      | Reached XP level 3. HP: 23/23 MP: 3/3
   518 | D:2      | Found a faded altar of an unknown god.
   804 | D:2      | Reached skill level 4 in Maces & Flails
   947 | D:2      | Reached XP level 4. HP: 27/28 MP: 4/4
  1354 | D:2      | Reached skill level 5 in Maces & Flails
  1376 | D:2      | Reached XP level 5. HP: 32/32 MP: 5/5
  1851 | D:3      | Found a sparkling altar of Nemelex Xobeh.
  2316 | D:4      | Reached skill level 6 in Maces & Flails
  2571 | D:3      | Reached XP level 6. HP: 34/37 MP: 6/6
  2772 | D:4      | Killed from afar by an orc wizard

Levels and vault maps discovered:
D:1:      sevenhm_arrival_forest_fort_large_4, layout_rooms
D:2:      layout_basic, chequers_ecumenical_altar_simple, minmay_snake_closets
D:3:      layout_rooms, overflow_temple_1_default, minmay_hedge_maze,
          minmay_misc_feat_cross
D:4:      layout_rooms, first_ration, guppyfry_early_lair_pool

Skill      XL: |  1  2  3  4  5 |
---------------+----------------+-----
Maces & Flails | 3 4 5 6 |  6.5
Fighting       | |  3.2
Armour         | |  3.2
Shields        | |  3.2

Action                   |  1- 3 |  4- 6 || total
-------------------------+-------+-------++-------
Melee: Flail             |   168 |   257 ||   425
  Eat: Chunk             |     1 |     5 ||     6
Armor: Scale mail        |   147 |   174 ||   321
Dodge: Dodged            |    67 |   107 ||   174
Block: Kite shield       |   134 |   160 ||   294

Table legend:
 A = Non-vault XP
 B = Vault XP
 C = Vault XP percentage of total XP
 D = Non-vault monster count
 E = Vault monster count
 F = Vault count percentage of total count
                 A         B        C        D         E       F
            +---------+---------+-------+---------+---------+-------
      Total |     301 |     116 |  27.8 |      78 |      15 |  16.1
            +---------+---------+-------+---------+---------+-------
        D:1 |      41 |       0 |   0.0 |      25 |       0 |   0.0
        D:2 |      69 |      76 |  52.4 |      21 |      12 |  36.4
        D:3 |      87 |       0 |   0.0 |      26 |       0 |   0.0
        D:4 |     104 |      40 |  27.8 |       6 |       3 |  33.3
            +---------+---------+-------+---------+---------+-------
